 Dungeon Crawl Stone Soup version 0.32-a0-42-ga30500b4d3 (webtiles) character file.

Game seed: 12925479696965567153

24850 Hemera the End of an Era (level 12, -3/94 HPs)
             Began as a Demonspawn Shapeshifter on Feb 2, 2024.
             Was the Champion of Qazlal.
             Slain by a yak (5 damage)
             ... while petrified by a basilisk
             ... on level 5 of the Lair of Beasts.
             The game lasted 00:44:26 (12002 turns).

Hemera the End of an Era (Demonspawn Shapeshifter) Turns: 12002, Time: 00:44:27

Health: -3/94      AC:  9    Str: 24    XL:     12   Next: 84%
Magic:  18/19      EV:  2    Int: 10    God:    Qazlal [******]
Gold:   653        SH:  0    Dex: 25    Spells: 11/11 levels left

rFire   . . .        x - +7 quarterstaff of Exchange {elec, rElec rCorr Str+4}
rCold   . . .        (shield currently unavailable)
rNeg    + + +        a - +0 animal skin
rPois   ∞            (helmet currently unavailable)
rElec   +            (cloak currently unavailable)
rCorr   +            (gloves currently unavailable)
SInv    .            (boots currently unavailable)
Will    .....        F - amulet of Ruetopn {Acrobat Regen+}
Stlth   +            A - +6 ring of dexterity
HPRegen 1.15/turn    n - +6 ring of dexterity
MPRegen 0.16/turn

%: repel missiles, acrobat
@: beast-form, petrified, protected from physical damage
A: beast (slay +4), icemail 1, powered by pain 1, condensation shield, demonic
touch 2
a: Begin Untransformation, Renounce Religion, Upheaval, Elemental Force,
Disaster Area


You were on level 5 of the Lair of Beasts.
You worshipped Qazlal.
Qazlal was exalted by your worship.
You were a hulking beast.
You visited 3 branches of the dungeon, and saw 14 of its levels.
You also visited: Sewer.

You collected 677 gold pieces.
You spent 24 gold pieces at shops.

Inventory:

Hand Weapons
 x - the +7 quarterstaff of Exchange (weapon) {elec, rElec rCorr Str+4}
   (You found it on level 5 of the Dungeon)

   Str+4:     It affects your strength (+4).
   rElec:     It insulates you from electricity.
   rCorr:     It protects you from acid and corrosion.
Missiles
 t - 2 throwing nets (quivered)
Armour
 a - a +0 animal skin (worn)
 e - a +2 helmet
 u - a +0 cloak
 K - +0 steam dragon scales
Jewellery
 h - a +6 ring of intelligence
 i - an amulet of guardian spirit
 n - a +6 ring of dexterity (right hand)
 A - a +6 ring of dexterity (left hand)
 F - the amulet of Ruetopn (around neck) {Acrobat Regen+}
   (You acquired it on level 3 of the Lair of Beasts)

   [amulet of the acrobat]

   Acrobat:   It increases your evasion while moving and waiting.
   Regen+:    It increases your rate of health regeneration.
Talismans
 c - a beast talisman (active)
 d - a flux talisman
Wands
 l - a wand of polymorph (14)
 o - a wand of flame (27)
 J - a wand of iceblast (5)
Scrolls
 g - 5 scrolls of immolation
 k - 2 scrolls of fog
 q - a scroll of enchant armour
 r - 2 scrolls of teleportation
 s - a scroll of enchant weapon
 w - 2 scrolls of torment
 y - 2 scrolls of revelation
 z - a scroll of amnesia
 B - a scroll of blinking
 C - a scroll of identify
 E - a scroll of vulnerability
Potions
 b - 2 potions of lignification
 f - 4 potions of degeneration
 j - 3 potions of haste
 m - 3 potions of curing
 p - 3 potions of might
 v - 2 potions of mutation
 D - a potion of magic {unknown}
 H - 2 potions of heal wounds {unknown}
 I - a potion of enlightenment {unknown}


   Skills:
 + Level 8.7 Fighting
 * Level 10.1 Staves
 + Level 8.1 Dodging
 - Level 4.7 Unarmed Combat
 + Level 10.5 Invocations
 * Level 10.3 Shapeshifting


You had 11 spell levels left.
You didn't know any spells.
Your spell library contained the following spells:

 Spells                   Type           Power      Damage    Failure   Level
 Apportation              Tloc           0%         N/A       36%         1
 Freeze                   Ice            0%         1d3       36%         1
 Magic Dart               Conj           0%         1d3       36%         1
 Necrotise                Necr           0%         1d4       36%         1
 Sting                    Conj/Alch      0%         1d3       36%         1
 Summon Small Mammal      Summ           0%         N/A       36%         1
 Blink                    Tloc           0%         N/A       50%         2
 Call Imp                 Summ           0%         N/A       50%         2
 Mercury Vapours          Alch/Air       0%         N/A       50%         2
 Call Canine Familiar     Summ           0%         N/A       75%         3
 Frozen Ramparts          Ice            0%         1d1       75%         3
 Hailstorm                Conj/Ice       0%         3d5       75%         3
 Tukima's Dance           Hex            0%         N/A       75%         3
 Vampiric Draining        Necr           0%         2d6       75%         3
 Martyr's Knell           Necr/Summ      0%         N/A       98%         4
 Olgreb's Toxic Radiance  Alch           0%         N/A       98%         4
 Passage of Golubria      Tloc           0%         N/A       98%         4
 Summon Blazeheart Golem  Fire/Summ      0%         N/A       98%         4
 Curse of Agony           Necr           0%         N/A       100%        5
 Yara's Violent Unravell  Hex/Alch       0%         3d3       100%        5
 Ozocubu's Refrigeration  Ice            0%         4d7       100%        7
 Discord                  Hex            0%         N/A       100%        8


Dungeon Overview and Level Annotations

Branches:
Dungeon (8/15)             Temple (0/1) D:6            Lair (5/5) D:8
 Shoals (0/4) Lair:2        Snake (1/4) Lair:2        Sewer (visited)
  Slime: Lair:4-5

Altars:
Kikubaaqudgha
Nemelex Xobeh
Okawaru
Qazlal
Ru
Xom

Shops:
D:8 !?*?


Innate Abilities, Weirdness & Mutations

You are a hulking beast.
Your limbs bulge with bestial killing power. (Slay +4)
You are immune to poison.
A meltable icy envelope protects you from harm. (AC +4)
You sometimes gain a little power by taking damage.
A meltable shield of frost defends you. (SH +4)
Your touch may inflict irresistible damage on your foes.


Message History

The wolf bites you but does no damage. The wolf bites you!
* * * LOW HITPOINT WARNING * * *
You feel more protected from physical attacks.
The wolf bites you!
* * * LOW HITPOINT WARNING * * *
The wolf completely misses you. The wolf bites you but does no damage.
The basilisk bites you but does no damage.
The wolf bites you but does no damage.
A yak comes into view.
The wolf bites you.
You feel more protected from physical attacks.
The wolf bites you!
* * * LOW HITPOINT WARNING * * *
The wolf bites you. The wolf bites you.
* * * LOW HITPOINT WARNING * * *
You feel more protected from physical attacks.
The wolf bites you but does no damage. The wolf bites you.
* * * LOW HITPOINT WARNING * * *
You feel more protected from physical attacks.
The wolf bites you!
* * * LOW HITPOINT WARNING * * *
The basilisk bites you but does no damage.
The wolf bites you but does no damage. x3; The wolf bites you.
* * * LOW HITPOINT WARNING * * *
The wolf bites you!
* * * LOW HITPOINT WARNING * * *
The wolf bites you but does no damage. x3
A yak comes into view.
The basilisk bites you but does no damage.
The wolf bites you but does no damage. x3; The wolf barely misses you.
The wolf bites you but does no damage. The basilisk bites you!
* * * LOW HITPOINT WARNING * * *
The wolf bites you but does no damage. The wolf barely misses you.
The wolf bites you but does no damage. The wolf bites you!
* * * LOW HITPOINT WARNING * * *
The wolf bites you but does no damage. x2
The wolf is engulfed in freezing vapours.
The wolf bites you but does no damage. The yak gores you!
You die...

...............
...............
.......Y.......
........YP.....
...............
.....§..Y§.....
......§lY......
.......hh......
.....☼hhh§.....
.....°..○......
...............
....)..........
...............
.....#.........
......#...##..$


You could see 4 yaks, a basilisk and 4 wolves.

Vanquished Creatures
  2 catoblepae
  6 death yaks
  A skyshark (Lair:3)
  3 black mambas
  8 elephants
  5 cane toads
  8 komodo dragons
  A polar bear (Lair:3)
  Grinder (D:3)
  4 blink frogs (Lair:4)
  Sigmund (D:6)
  5 dream sheep (Lair:4)
  5 wyverns
  18 yaks
  5 basilisks
  Edmund (D:6)
  2 steam dragons
  3 nagas (Lair:2)
  18 water moccasins
  An ice beast (D:7)
  An orc warrior (D:8)
  2 black bears
  8 wolves
  A crocodile (Sewer)
  An ogre (D:4)
  4 centaurs
  2 kobold brigands
  A gnoll sergeant (D:6)
  A brain worm (Sewer)
  13 bullfrogs
  3 scorpions
  5 wights (D:8)
  2 electric eels (Lair:3)
  2 jellies
  2 bombardier beetles
  A gnoll bouda (D:8)
  3 orc priests
  Crazy Yiuf (D:3)
  2 hounds (D:5)
  Natasha (twice) (D:4)
  An iguana (D:6)
  6 orc wizards
  2 sleepcaps
  7 adders
  16 gnolls
  A white imp (D:7)
  2 ribbon worms (D:2)
  17 orcs
  14 ball pythons
  12 endoplasms
  9 giant cockroaches
  9 goblins
  8 hobgoblins
  4 jackals
  5 quokkas
  15 bats
  4 frilled lizards
  17 kobolds
  5 rats
309 creatures vanquished.

Notes
Turn   | Place    | Note
-------+----------+-------------------------------------------
     0 | D:1      | Hemera the Demonspawn Shapeshifter began the quest for the
                  | Orb.
     0 | D:1      | Reached XP level 1. HP: 15/15 MP: 1/1
   217 | D:1      | Gained mutation: Your touch may inflict minor irresistible
                  | damage on your foes. [demonic ancestry]
   217 | D:1      | Reached XP level 2. HP: 11/21 MP: 2/2
   434 | D:1      | Found a faded altar of an unknown god.
   514 | D:1      | Gained mutation: A meltable shield of frost defends you.
                  | (SH +4) [demonic ancestry]
   514 | D:1      | Reached XP level 3. HP: 25/26 MP: 3/3
   532 | D:1      | Prayed at the altar of an unknown god.
   532 | D:1      | Became a worshipper of Qazlal Stormbringer
   532 | D:1      | Reached * piety under Qazlal
  1413 | D:2      | Reached XP level 4. HP: 26/33 MP: 4/4
  1706 | D:3      | Reached ** piety under Qazlal
  1928 | D:3      | Noticed Grinder
  1944 | D:3      | Killed Grinder
  1945 | D:3      | Gained mutation: A meltable icy envelope protects you from
                  | harm. (AC +4) [demonic ancestry]
  1945 | D:3      | Reached XP level 5. HP: 15/39 MP: 1/6
  1945 | D:3      | Gained mutation: Your touch may inflict irresistible damage
                  | on your foes. [demonic ancestry]
  1945 | D:3      | Reached XP level 6. HP: 17/46 MP: 1/7
  2244 | D:3      | Found a runed translucent door.
  2245 | D:3      | Noticed Crazy Yiuf
  2452 | D:3      | Killed Crazy Yiuf
  3045 | D:4      | Noticed Natasha
  3050 | D:4      | Killed Natasha
  3069 | D:4      | Found a sparkling altar of Nemelex Xobeh.
  3069 | D:4      | Found a shimmering altar of Xom.
  3069 | D:4      | Found a sacrificial altar of Ru.
  3069 | D:4      | Found a stormy altar of Qazlal.
  3075 | D:4      | Found an iron altar of Okawaru.
  3170 | D:4      | Noticed Natasha
  3183 | D:4      | Killed Natasha
  3519 | D:5      | Entered Level 5 of the Dungeon
  3525 | D:5      | Reached XP level 7. HP: 51/51 MP: 9/9
  3639 | D:5      | Reached *** piety under Qazlal
  3769 | D:5      | Identified the +7 quarterstaff of Exchange {elec, rElec
                  | rCorr Str+4}
  3990 | D:5      | Reached skill level 1 in Staves
  4375 | D:6      | Found a glowing drain.
  4393 | Sewer    | Entered a sewer
  4449 | Sewer    | Reached XP level 8. HP: 39/59 MP: 5/10
  4590 | D:6      | Reached skill level 5 in Shapeshifting
  4666 | D:6      | Noticed Edmund
  4667 | D:6      | Noticed Sigmund
  4684 | D:6      | Killed Sigmund
  4690 | D:6      | Killed Edmund
  4875 | D:6      | Reached **** piety under Qazlal
  5051 | D:6      | Reached skill level 5 in Invocations
  5297 | D:6      | Found a staircase to the Ecumenical Temple.
  5522 | D:7      | Gained mutation: You sometimes gain a little power by
                  | taking damage. [demonic ancestry]
  5522 | D:7      | Reached XP level 9. HP: 59/66 MP: 9/12
  5899 | D:7      | You fall into a shaft and drop 1 floor!
  5899 | D:8      | Found Faeptos's Magic Scroll Emporium.
  5910 | D:8      | Bought a scroll of identify for 24 gold pieces
  5995 | D:8      | Reached skill level 5 in Fighting
  6020 | D:8      | Found Aluacyto's Magic Scroll Emporium.
  6062 | D:8      | Noticed an elephant
  6065 | D:8      | Noticed an elephant
  6079 | D:8      | Killed an elephant
  6080 | D:8      | Reached skill level 5 in Staves
  6080 | D:8      | Reached skill level 5 in Dodging
  6086 | D:8      | Killed an elephant
  6230 | D:8      | Found Mezatzy's Distillery.
  6272 | D:8      | Reached ***** piety under Qazlal
  6283 | D:8      | Reached XP level 10. HP: 43/75 MP: 9/14
  6602 | D:8      | Found Hosh's Assorted Antiques.
  6661 | D:8      | Found a staircase to the Lair.
  6763 | Lair:1   | Entered Level 1 of the Lair of Beasts
  6774 | Lair:1   | Noticed a cane toad
  6779 | Lair:1   | Killed a cane toad
  6901 | Lair:1   | Noticed a cane toad
  6905 | Lair:1   | Noticed a black mamba
  6913 | Lair:1   | Killed a black mamba
  6915 | Lair:1   | Killed a cane toad
  8285 | Lair:2   | Noticed an elephant
  8287 | Lair:2   | Noticed an elephant
  8288 | Lair:2   | Noticed an elephant
  8294 | Lair:2   | Noticed an elephant
  8294 | Lair:2   | Noticed an elephant
  8296 | Lair:2   | Noticed an elephant
  8297 | Lair:2   | Killed an elephant
  8298 | Lair:2   | Reached XP level 11. HP: 71/83 MP: 14/17
  8794 | Lair:2   | Found an ancient bone altar of Kikubaaqudgha.
  8895 | Lair:2   | Found a staircase to the Shoals.
  8933 | Lair:2   | Noticed a catoblepas
  8950 | Lair:2   | Killed a catoblepas
  9407 | Lair:2   | Found a staircase to the Snake Pit.
  9575 | Snake:1  | Entered Level 1 of the Snake Pit
  9575 | Snake:1  | Noticed an anaconda
  9575 | Snake:1  | Noticed an anaconda
  9648 | Lair:3   | Noticed a death yak
  9657 | Lair:3   | Noticed a death yak
  9659 | Lair:3   | Noticed a death yak
  9660 | Lair:3   | Killed a death yak
  9660 | Lair:3   | Noticed a death yak
  9661 | Lair:3   | Noticed a death yak
  9668 | Lair:3   | Noticed a death yak
  9678 | Lair:2   | Killed a death yak
 10034 | Lair:3   | Noticed a skyshark
 10045 | Lair:3   | Killed a skyshark
 10046 | Lair:3   | Reached XP level 12. HP: 67/92 MP: 12/19
 10183 | Lair:3   | Identified a scroll of acquirement
 10183 | Lair:3   | Acquired the amulet of Ruetopn {Acrobat Regen+}
 10236 | Lair:3   | Killed a death yak
 10246 | Lair:3   | Killed a death yak
 10252 | Lair:3   | Killed a death yak
 10259 | Lair:3   | Killed a death yak
 11000 | Lair:4   | Reached skill level 10 in Invocations
 11096 | Lair:4   | Reached skill level 10 in Shapeshifting
 11144 | Lair:4   | Reached ****** piety under Qazlal
 11381 | Lair:4   | Noticed a catoblepas
 11394 | Lair:4   | Killed a catoblepas
 11969 | Lair:5   | Entered Level 5 of the Lair of Beasts
 11975 | Lair:5   | Reached skill level 10 in Staves
 12001 | Lair:5   | HP: 4/94 [basilisk (6)]
 12001 | Lair:5   | HP: 1/94 [wolf (3)]
 12002 | Lair:5   | Slain by a yak

Illustrated notes

Levels and vault maps discovered:
D:1:      dpeg_arrival_simpleton_a, layout_basic,
          hellmonk_ecumenical_altar_blasted
D:2:      layout_loops_ring, kennysheep_generic_room_14
D:3:      layout_loops_ring, minmay_misc_feat_roman, uniq_crazy_yiuf_cottage,
          uniq_grinder
D:4:      layout_basic, minmay_overflow_temple_hex, uniq_natasha
D:5:      layout_rooms, kennysheep_cluttered_room
D:6:      layout_cave_pools, mainiacjoe_overflow_alcove_2,
          lemuel_temple_firewalk_b, gup_sewer_entry_pipe,
          sigmund_edmund_badplayer
D:7:      layout_basic, serial_shops, nicolae_square_shop, minivault_22
D:8:      layout_cave_pools, grunt_lair_entry_orc_guard_hut, serial_shops,
          nicolae_shop_tiny_waterfront, nicolae_shop_behind_doors, shop, shop
Lair:1:   layout_cave_pods, hibernation_bobbens
Lair:2:   layout_roguey, minmay_shoals_entry_centaurs,
          nicolae_snake_entry_squirm, serial_rivers,
          chequers_serial_rivers_room_a, chequers_serial_rivers_marsh,
          chequers_serial_rivers_marsh, chequers_serial_rivers_marsh,
          basic_altar, minivault_27, minivault_11, columned_hall_lemuel
Lair:3:   layout_regular_city, serial_bayou_shore_b, serial_bayou_shore_a,
          grunt_megastairs_2, infiniplex_staircase_pool
Lair:4:   layout_cave_pods, minmay_holes, serial_bayou_shore_b
Lair:5:   evilmike_catoblepas_cave, layout_gridlike, slime_entry_2,
          gammafunk_ghost_icy, minivault_26, dreamdust_deal_with_the_devil
Snake:1:  layout_honeycomb, serial_shops, nicolae_shop_trees

Skill      XL: |  1  2  3  4  5  6  7  8  9 10 11 12 |
---------------+-------------------------------------+-----
Dodging        | 2 3 4 5 6 7 8 |  8.1
Unarmed Combat | 3 4 |  4.7
Shapeshifting  | 3 4 5 7 8 9 10 | 10.3
Fighting       | 2 3 4 5 6 7 8 |  8.7
Invocations    | 2 3 5 6 8 9 10 | 10.5
Staves         | 2 4 5 7 8 10 | 10.1

Action                     |  1- 3 |  4- 6 |  7- 9 | 10-12 || total
---------------------------+-------+-------+-------+-------++-------
  Melee: Unarmed           |   107 |    94 |    11 |     5 ||   217
         Touch             |    18 |    16 |     7 |     3 ||    44
         Punch             |     4 |     5 |       |       ||     9
         Quarterstaff      |       |       |   206 |   349 ||   555
 Invoke: Upheaval          |       |       |       |     1 ||     1
    Use: Scroll            |       |     2 |    11 |     5 ||    18
         Potion            |       |       |     1 |     1 ||     2
   Stab: Petrified         |       |       |       |     2 ||     2
 Armour: Animal skin       |    53 |    37 |   125 |   222 ||   437
  Dodge: Dodged            |    63 |    33 |   118 |   215 ||   429
         Repelled          |       |       |     2 |     4 ||     6
  Block: Other             |    13 |    17 |    70 |   132 ||   232
   Form: Beast             |       |       |       |     1 ||     1
         Flux              |       |       |       |     1 ||     1

Table legend: (Time is in decaauts)
 A = Elapsed time spent in this place.
 B = Non-inter-level travel time spent in this place.
 C = Inter-level travel time spent in this place.
 D = Time resting spent in this place.
 E = Time spent auto-exploring this place.
 F = Levels seen in this place.
 G = Mean time per level.
                   A        B        C        D        E       F      G
               +--------+--------+--------+--------+--------+-----+--------+
         Total |  12007 |  11439 |    568 |    435 |   8731 |  15 |  800.5 |
       Dungeon |   6609 |   6315 |    294 |      0 |   4956 |   8 |  826.1 |
          Lair |   5224 |   4950 |    274 |    435 |   3661 |   5 | 1044.8 |
     Snake Pit |      1 |      1 |      0 |      0 |      0 |   1 |    1.0 |
         Sewer |    172 |    172 |      0 |      0 |    113 |   1 |  172.0 |
               +--------+--------+--------+--------+--------+-----+--------+

Top non-repeatable levels by time:
  Lair:2: 1676 daAuts
  Lair:1: 1488 daAuts
  Lair:3: 1033 daAuts
  Lair:4: 1002 daAuts
     D:3: 973 daAuts
     D:6: 906 daAuts
     D:8: 866 daAuts
     D:4: 845 daAuts
     D:2: 844 daAuts
     D:1: 843 daAuts
     D:5: 820 daAuts
     D:7: 509 daAuts
   Sewer: 172 daAuts
  Lair:5: 23 daAuts
 Snake:1: 1 daAuts
